 Dungeon Crawl Stone Soup version 0.31-a0-1074-g0b22e4e0f1 (webtiles) character file.

Game seed: 18272565042493307752

513 IdlyInterested the Changeling (level 7, -1/52 HPs)
             Began as a Demonspawn Fighter on Dec 1, 2023.
             Slain by Pikel
             ... wielding a +1 whip of electrocution
              (2 damage)
             ... on level 4 of the Dungeon on Dec 6, 2023.
             The game lasted 00:15:28 (3040 turns).

IdlyInterested the Changeling (Demonspawn Fighter)  Turns: 3040, Time: 00:15:29

Health: -1/52      AC:  9    Str: 14 (16) XL:     7   Next: 0%
Magic:  7/7        EV:  6    Int:  7 (10) God:
Gold:   36         SH:  4    Dex: 11 (14) Spells: 6/6 levels left

rFire   . .          .
                       - Unarmed
rCold   . . .        b - +0 buckler
rNeg    . . .        y - +0 chain mail
rPois   .            (helmet currently unavailable)
rElec   .            (cloak currently unavailable)
rCorr   .            (gloves currently unavailable)
SInv    .            x - melded +0 pair of boots
Will    .....        q - amulet of regeneration Stlth
                     (no ring)
HPRegen 1.08/turn    (no ring)
MPRegen 0.10/turn

%: no passive effects
@: beast-form, hasted, very quick
A: beast (slay +2), demonic guardian 1
a: Begin Untransformation


You were on level 4 of the Dungeon.
You were a hulking beast.
You visited 1 branch of the dungeon, and saw 4 of its levels.

You collected 199 gold pieces.
You spent 163 gold pieces at shops.

Inventory:

Hand Weapons
 h - a +2 heavy spear
 j - a +0 short sword
 k - a +0 hand axe
 B - a +0 trident
 D - a +3 flail
Missiles
 d - 32 stones
 v - 5 atropa-tipped darts
 A - 15 poisoned darts (quivered)
Armour
 a - a +0 scale mail
 b - a +0 buckler (worn)
 x - a +0 pair of boots (melded)
 y - a +0 chain mail (worn)
Magical Staves
 r - a staff of poison
Jewellery
 q - an amulet of regeneration (around neck)
Talismans
 s - a beast talisman (active)
Wands
 t - a wand of digging (5)
Scrolls
 c - a scroll of enchant armour
 e - 3 scrolls of amnesia
 f - a scroll of fog {unknown}
 l - 2 scrolls of fear
 m - 3 scrolls of enchant weapon
 n - 2 scrolls of teleportation
 p - a scroll of poison {unknown}
 w - a scroll of blinking {unknown}
Potions
 g - a potion of lignification
 C - a potion of mutation


   Skills:
 - Level 3.0 Fighting
 - Level 1.0 Throwing
 - Level 3.0 Armour
 + Level 1.2 Dodging
 - Level 1.0 Stealth
 - Level 2.6 Shields
 + Level 3.9 Unarmed Combat
 - Level 1.0 Evocations
 * Level 4.2 Shapeshifting


You had 6 spell levels left.
You didn't know any spells.
Your spell library contained the following spells:

 Spells                   Type           Power      Damage    Failure   Level
 Necrotise                Necr           0%         1d4       100%        1
 Blink                    Tloc           0%         N/A       100%        2
 Sublimation of Blood     Necr           0%         N/A       100%        2
 Vampiric Draining        Necr           0%         2d6       100%        3
 Manifold Assault         Tloc           0%         N/A       100%        4
 Petrify                  Tmut/Erth      0%         N/A       100%        4
 Agony                    Necr           0%         N/A       100%        5
 Irradiate                Conj/Tmut      0%         3d11      100%        5


Dungeon Overview and Level Annotations

Branches:
Dungeon (4/15)
 Temple: D:4-7

Altars:
Ashenzari
Sif Muna

Shops:
D:3 *([*(

Annotations:
D:4 Eustachio, Pikel


Innate Abilities, Weirdness & Mutations

You are a hulking beast.
Your limbs bulge with bestial killing power. (Slay +2)
A weak demonic guardian rushes to your aid.


Message History

A demonic guardian appears!
You hit Pikel.
Pikel is lightly wounded.
The lemure hits you. The lemure hits you but does no damage.
Your ufetubus slips past the orc!
Your ufetubus hits the orc.
Your ufetubus barely misses the orc.
You hit Pikel but do no damage.
Pikel is lightly wounded.
Pikel barely misses you.
A lemure comes into view.
You hit Pikel but do no damage.
Pikel is lightly wounded.
You feel less confused.
Your ufetubus closely misses the orc.
Your ufetubus barely misses the orc.
The lemure hits you.
* * * LOW HITPOINT WARNING * * *
The lemure barely misses you. Pikel hits you but does no damage.
You hit Pikel.
Pikel is lightly wounded.
The lemure hits you but does no damage. You block the lemure's attack.
It was a potion of degeneration.
There was something very wrong with that liquid.
You feel weakened.
You feel dopey.
You feel clumsy.
Your ufetubus misses the orc.
Your ufetubus barely misses the orc.
Pikel hits you but does no damage.
You are electrocuted!
* * * LOW HITPOINT WARNING * * *
You closely miss Pikel.
Pikel is lightly wounded.
Pikel hits you but does no damage.
You hit Pikel but do no damage.
Pikel is lightly wounded.
Your ufetubus closely misses the orc.
Your ufetubus hits the orc but does no damage.
The lemure hits you.
* * * LOW HITPOINT WARNING * * *
The orc hits you with a +0 whip.
* * * LOW HITPOINT WARNING * * *
Pikel hits you with a +1 whip of electrocution.
You die...
Pikel says, "Another soul for the market."

### o ########....#.#
...#
...#...........#.#
....~~.........#''##)#
...~~.........#.....#
#....#.......#.....#
##'#########'#####)#
+....55.)))..#...#.#
#....#K5†....#.#..)#
#....#ho5....#..)#)###
#''''#############...#
....... #...#
~≈~~....~ #####
≈≈Sh....≈≈ ≈≈≈≈≈
≈≈~~....~h ~~~~@~~~
o.........g ..........
##########


You could see Pikel, 3 lemures, an orc (ally target) and a friendly ufetubus
(summoned).

Vanquished Creatures
  Sigmund (D:2)
  A gnoll sergeant (D:4)
  A jelly (D:3)
  An orc wizard (D:4)
  7 gnolls (D:4)
  5 adders
  3 worms
  12 orcs
  6 bats
  8 endoplasms
  6 giant cockroaches
  6 goblins
  4 hobgoblins
  6 jackals
  9 kobolds
  3 quokkas
  4 ball pythons
  6 frilled lizards
  4 rats
93 creatures vanquished.

Vanquished Creatures (collateral kills)
  A gnoll (D:4)
  An orc (D:4)
  A giant cockroach (D:1)
  A hobgoblin (D:4)
4 creatures vanquished.

Grand Total: 97 creatures vanquished

Notes
Turn   | Place    | Note
-------+----------+-------------------------------------------
     0 | D:1      | IdlyInterested the Demonspawn Fighter began the quest for
                  | the Orb.
     0 | D:1      | Reached XP level 1. HP: 18/18 MP: 1/1
   156 | D:1      | Gained mutation: A weak demonic guardian rushes to your
                  | aid. [demonic ancestry]
   156 | D:1      | Reached XP level 2. HP: 15/24 MP: 2/2
   211 | D:1      | Reached skill level 1 in Evocations
   279 | D:1      | Reached skill level 1 in Shapeshifting
   447 | D:1      | Noticed a shining eye
   452 | D:1      | Found a faded altar of an unknown god.
   463 | D:1      | Noticed a golden eye
   478 | D:1      | Noticed a glass eye
   483 | D:1      | Noticed a great orb of eyes
   768 | D:1      | Reached XP level 3. HP: 29/29 MP: 3/3
   964 | D:2      | Noticed Sigmund
   975 | D:2      | Killed Sigmund
   976 | D:2      | Reached skill level 1 in Stealth
   976 | D:2      | Reached skill level 3 in Shapeshifting
   976 | D:2      | Reached XP level 4. HP: 24/35 MP: 4/4
   976 | D:2      | Reached XP level 5. HP: 28/41 MP: 5/5
  1372 | D:2      | Found a shimmering blue altar of Sif Muna.
  1838 | D:3      | Found a shimmering blue altar of Sif Muna.
  1864 | D:3      | Found Qahegg's Weapon Shop.
  1918 | D:3      | Reached skill level 1 in Dodging
  1918 | D:3      | Reached XP level 6. HP: 44/47 MP: 6/6
  1921 | D:3      | Found a broken altar of Ashenzari.
  1932 | D:3      | Found Nuredoaz's Antique Armour Shoppe.
  2270 | D:3      | Found Epaufapo's General Store.
  2297 | D:3      | Found Iluzir's Weapon Emporium.
  2335 | D:3      | Found Aczozum's Assorted Antiques.
  2541 | D:3      | Bought 3 scrolls labelled HAHO EKOUPYH for 75 gold pieces
  2569 | D:3      | Bought a potion of mutation for 88 gold pieces
  2775 | D:4      | Reached skill level 1 in Throwing
  2789 | D:4      | Noticed Eustachio
  2907 | D:4      | Reached skill level 4 in Shapeshifting
  3016 | D:4      | Noticed Pikel
  3023 | D:4      | Reached XP level 7. HP: 52/52 MP: 7/7
  3040 | D:4      | HP: 1/52 [orc/+0 whip (3)]
  3040 | D:4      | Slain by Pikel

Illustrated notes

Levels and vault maps discovered:
D:1:      amcnicky_arrival_gap_in_the_tavern_cellar, layout_basic,
          hellmonk_ecumenical_altar_watching_god, minmay_3d_cube
D:2:      layout_loops_ring, basic_altar, grunt_ministairs_7, uniq_sigmund
D:3:      minmay_recursive_quarters, layout_rooms,
          mainiacjoe_overflow_cross_hatched, nicolae_overflow_crystal_walls,
          serial_shops, shop_fountains, shop, shop, shop, shop,
          chequers_serial_rivers_large_a
D:4:      lemuel_castle_with_subvaults [lemuel_castle_interior_carwin_3],
          layout_basic, minmay_diced_spiral, uniq_natasha, uniq_pikel,
          uniq_duvessa, uniq_eustachio, uniq_grinder

Skill      XL: |  1  2  3  4  5  6 |
---------------+-------------------+-----
Unarmed Combat | 2 3 |  3.9
Evocations     | 1 |  1.0
Shapeshifting  | 1 3 4 |  4.2
Stealth        | 1 |  1.0
Dodging        | 1 |  1.2
Throwing       | 1 |  1.0
Armour         | 3 |  3.0
Fighting       | |  3.0
Shields        | |  2.6

Action                     |  1- 3 |  4- 6 |  7- 9 || total
---------------------------+-------+-------+-------++-------
  Melee: Unarmed           |   152 |   254 |    14 ||   420
  Throw: Stone             |       |     1 |       ||     1
         Dart              |       |    12 |       ||    12
         Throwing net      |       |       |     1 ||     1
    Use: Scroll            |     3 |     2 |       ||     5
         Potion            |     1 |     2 |     2 ||     5
 Armour: Scale mail        |   104 |    65 |       ||   169
         Chain mail        |       |   102 |    16 ||   118
         Skin              |       |    11 |       ||    11
  Dodge: Dodged            |    48 |    85 |     5 ||   138
  Block: Buckler           |    43 |    42 |     3 ||    88
   Form: Beast             |       |     2 |       ||     2
                           |       |     1 |       ||     1

Table legend: (Time is in decaauts)
 A = Elapsed time spent in this place.
 B = Non-inter-level travel time spent in this place.
 C = Inter-level travel time spent in this place.
 D = Time resting spent in this place.
 E = Time spent auto-exploring this place.
 F = Levels seen in this place.
 G = Mean time per level.
                   A        B        C        D        E       F      G
               +--------+--------+--------+--------+--------+-----+--------+
         Total |   3047 |   2655 |    392 |     84 |   1449 |   4 |  761.8 |
       Dungeon |   3047 |   2655 |    392 |     84 |   1449 |   4 |  761.8 |
               +--------+--------+--------+--------+--------+-----+--------+

Top non-repeatable levels by time:
     D:2: 947 daAuts
     D:1: 926 daAuts
     D:3: 848 daAuts
     D:4: 324 daAuts
